 Dungeon Crawl Stone Soup version 0.25.1-2-g60ff931df9 (webtiles) character file.

Game seed: 13018221262232287478

180 MisterOstroum the Shooter (level 5, -4/42 HPs)
             Began as a Centaur Arcane Marksman on Oct 15, 2020.
             Slain by Sigmund
             ... wielding a +0 scythe
              (6 damage)
             ... on level 3 of the Dungeon.
             The game lasted 00:09:13 (3588 turns).

MisterOstroum the Shooter (Centaur Arcane Marksman) Turns: 3588, Time: 00:09:14

Health: -4/42      AC:  5    Str: 12    XL:     5   Next: 33%
Magic:  2/6        EV:  9    Int: 13    God:
Gold:   111        SH:  0    Dex: 10    Spells: 0/6 levels left

rFire    . . .     SeeInvis .   a - +0 shortbow
rCold    . . .     Gourm    .   (shield currently unavailable)
rNeg     . . .     Faith    .   f - +0 robe
rPois    .         Spirit   .   p - +0 helmet
rElec    .         Reflect  .   (no cloak)
rCorr    .         Harm     .   (no gloves)
MR       .....                  (no barding)
Stlth    +.........             (no amulet)
HPRegen  0.14/turn              (no ring)
MPRegen  0.10/turn              (no ring)

@: very quick
A: large, hooves 3, deformed body, speed 2, tough skin 3
a: no special abilities


You were on level 3 of the Dungeon.
You were hungry.

You visited 1 branch of the dungeon, and saw 3 of its levels.

You collected 111 gold pieces.

Inventory:

Hand Weapons
 a - a +0 shortbow (weapon)
 b - a +0 spear
 c - a +0 hunting sling
 n - a +0 short sword
Missiles
 d - 35 arrows (quivered)
 m - 53 poisoned darts
 u - 80 stones
Armour
 f - a +0 robe (worn)
 p - a +0 helmet (worn)
 t - a +0 leather armour
Jewellery
 v - an uncursed ring of resist corrosion
Scrolls
 g - 2 scrolls of amnesia {unknown}
 h - 5 scrolls of identify {@r1}
 i - 2 scrolls of enchant weapon {unknown}
 j - a scroll of remove curse {unknown}
 k - 2 scrolls of fear {unknown}
 l - 2 scrolls of noise {unknown}
 q - 2 scrolls of teleportation
 w - a scroll of fog {unknown}
 x - a scroll of blinking {unknown}
Potions
 r - a potion of magic
 s - a potion of invisibility
Comestibles
 e - 9 rations


   Skills:
 + Level 2.7 Fighting
 * Level 5.5 Bows
 - Level 1.3 Dodging
 - Level 1.0 Spellcasting
 + Level 3.5 Hexes


You couldn't memorise any spells.
You knew the following spells:

 Your Spells              Type           Power        Failure   Level  Hunger
a - Corona                Hex            #......      7%          1    ##.....
b - Slow                  Hex            #.......     10%         2    ###....
c - Inner Flame           Hex/Fire       #.......     38%         3    ####...

Your spell library contained the following spells:

 Spells                   Type           Power        Failure   Level  Hunger
 Portal Projectile        Hex/Tloc       #.....       38%         3    ####...
 Cause Fear               Hex            #.........   54%         4    #####..
 Leda's Liquefaction      Hex/Erth       #.........   80%         4    #####..


Dungeon Overview and Level Annotations

Branches:
Dungeon (3/15)

Altars:
Fedhas

Annotations:
D:3 Sigmund


Innate Abilities, Weirdness & Mutations

You have hooves in place of feet.
Armour fits poorly on your strangely shaped body.
You cover ground very quickly.
You have extremely tough skin. (AC +3)


Message History

You shoot an arrow.
The arrow hits Sigmund but does no damage.
Firing (i - inventory. (/) - cycle)
d - 44 arrows (quivered)
Press: ? - help, Shift-Dir - straight line, f/p - Sigmund
Aim: Sigmund, wielding a +0 scythe and wearing a +1 robe (slow)
You shoot an arrow. The arrow hits Sigmund!
Sigmund is moderately wounded.
Firing (i - inventory. (/) - cycle)
d - 43 arrows (quivered)
Press: ? - help, Shift-Dir - straight line, f/p - Sigmund
Aim: Sigmund, wielding a +0 scythe and wearing a +1 robe (moderately wounded, slow)
You shoot an arrow. The arrow barely misses Sigmund.
Sigmund hits you from afar with a +0 scythe!
Items here: )) [ † a +0 dagger; a +0 club; a cursed +0 leather armour; a kobold corpse Firing (i - inventory. (/) - cycle)
d - 42 arrows (quivered)
Press: ? - help, Shift-Dir - straight line, f/p - Sigmund
Aim: Sigmund, wielding a +0 scythe and wearing a +1 robe (moderately wounded, slow)
You shoot an arrow. The arrow hits Sigmund.
Sigmund is moderately wounded.
Firing (i - inventory. (/) - cycle)
d - 41 arrows (quivered)
Press: ? - help, Shift-Dir - straight line, f/p - Sigmund
Aim: Sigmund, wielding a +0 scythe and wearing a +1 robe (moderately wounded, slow)
You shoot an arrow. The arrow barely misses Sigmund.
Sigmund is no longer moving slowly.
Press: ? - help, v - describe, . - travel The floor.
Casting: Corona (safe; 7% risk of failure)
Confirm with . or Enter, or press ? or * to list all spells.
Aiming: Corona (safe; 7% risk of failure)
Press: ? - help, Shift-Dir - straight line, f/p - Sigmund
Aim: Sigmund, wielding a +0 scythe and wearing a +1 robe (moderately wounded, chance to defeat MR: 52%) Sigmund is outlined in light.
Firing (i - inventory. (/) - cycle)
d - 40 arrows (quivered)
Press: ? - help, Shift-Dir - straight line, f/p - Sigmund
Aim: Sigmund, wielding a +0 scythe and wearing a +1 robe (moderately wounded, softly glowing)
You shoot an arrow. The arrow hits Sigmund!
Sigmund is heavily wounded.
Sigmund says, "Your kind have come here before.
I understand now why.
You desire death..."
Sigmund barely misses you.
Firing (i - inventory. (/) - cycle)
d - 39 arrows (quivered)
Press: ? - help, Shift-Dir - straight line, f/p - Sigmund
Aim: Sigmund, wielding a +0 scythe and wearing a +1 robe (heavily wounded, softly glowing)
You shoot an arrow. The arrow hits Sigmund.
Sigmund is heavily wounded.
Sigmund says, "Now you see me, now you don't..."
Sigmund stops glowing.
Firing (i - inventory. (/) - cycle)
d - 38 arrows (quivered)
Press: ? - help, Shift-Dir - straight line, f/p - Sigmund
Aim: Sigmund, wielding a +0 scythe and wearing a +1 robe (heavily wounded)
You shoot an arrow.
The arrow hits Sigmund but does no damage.
Sigmund is heavily wounded.
Okay, then.
Unknown command.
Firing (i - inventory. (/) - cycle)
d - 37 arrows (quivered)
Press: ? - help, Shift-Dir - straight line, f/p - Sigmund
Aim: Sigmund, wielding a +0 scythe and wearing a +1 robe (heavily wounded)
You shoot an arrow. The arrow barely misses Sigmund.
Your magical contamination has completely faded away.
Firing (i - inventory. (/) - cycle)
d - 36 arrows (quivered)
Press: ? - help, Shift-Dir - straight line, f/p - Sigmund
Aim: Sigmund, wielding a +0 scythe and wearing a +1 robe (heavily wounded)
You shoot an arrow. The arrow barely misses Sigmund.
Sigmund mumbles some strange words.
Sigmund flickers and vanishes!
Deactivating autopickup; reactivate with Ctrl-A.
No target in view!
Casting: Corona (safe; 7% risk of failure)
Confirm with . or Enter, or press ? or * to list all spells.
Aiming: Corona (safe; 7% risk of failure)
Press: ? - help, Shift-Dir - straight line Nothing appears to happen.
A magic dart appears from out of thin air!
The magic dart hits you.
A magic dart appears from out of thin air!
The magic dart hits you.
Casting: Corona (safe; 7% risk of failure)
Confirm with . or Enter, or press ? or * to list all spells.
Aiming: Corona (safe; 7% risk of failure)
Press: ? - help, Shift-Dir - straight line Nothing appears to happen.
You are confused.
You bump into the rock wall.
You're too confused to move!
You bump into the rock wall.
You are more confused.
You bump into the rock wall.
You bump into the rock wall.
A puff of flame appears from out of thin air!
The puff of flame hits you!
You're too confused to move!
You bump into the rock wall.
Something hits you. Something hits you.
* * * LOW HITPOINT WARNING * * *
You bump into the rock wall.
Something hits you!
* * * LOW HITPOINT WARNING * * *
You bump into the rock wall.
You feel less confused. Something hits you.
You die...

######## #......#
#.####.#
######.####.#
####@.......##÷#
#####....####.#.##.#
#.......{## #......#
#.#.......# ###.####
#.#.......# #.#
#.#.......# #.#
#.##.....## #.#
#.###...##### #.#
###.# ###.....# #.#


There were no monsters in sight!

Vanquished Creatures
  Jessica (D:3)
  Robin (D:2)
  3 gnolls (D:2)
  3 adders
  An ooze (D:1)
  3 dart slugs
  A leopard gecko (D:2)
  2 ball pythons
  5 bats
  4 giant cockroaches
  14 goblins
  9 hobgoblins
  6 jackals
  12 kobolds
  3 frilled lizards
  6 rats
74 creatures vanquished.

Notes
Turn   | Place    | Note
-------+----------+-------------------------------------------
     0 | D:1      | MisterOstroum the Centaur Arcane Marksman began the quest
                  | for the Orb.
     0 | D:1      | Reached XP level 1. HP: 16/16 MP: 2/2
   290 | D:1      | Reached skill level 3 in Bows
   537 | D:1      | Reached XP level 2. HP: 23/23 MP: 3/3
  1176 | D:1      | Reached XP level 3. HP: 13/29 MP: 2/4
  1414 | D:1      | Reached skill level 4 in Bows
  1788 | D:2      | Noticed Robin
  1928 | D:2      | Killed Robin
  1954 | D:2      | Reached XP level 4. HP: 25/36 MP: 5/5
  2406 | D:2      | Learned a level 2 spell: Slow
  2596 | D:2      | Found a blossoming altar of Fedhas.
  2616 | D:2      | Reached skill level 5 in Bows
  2843 | D:3      | Noticed Jessica
  3081 | D:3      | Killed Jessica
  3081 | D:3      | Reached XP level 5. HP: 42/42 MP: 4/6
  3116 | D:3      | Learned a level 3 spell: Inner Flame
  3521 | D:3      | Noticed Sigmund
  3586 | D:3      | HP: 2/42 [something (10)]
  3588 | D:3      | Slain by Sigmund

Illustrated notes

Levels and vault maps discovered:
D:1:      lightli_arrival_isolated_outpost, layout_basic
D:2:      layout_basic, fedhas_altar_1, uniq_robin
D:3:      layout_loops_cross, marbit_many_paths, uniq_jessica, uniq_sigmund,
          uniq_crazy_yiuf_cottage

Skill      XL: |  1  2  3  4 |
---------------+-------------+-----
Bows           | 3 4 5 |  5.5
Hexes          | 3 |  3.5
Fighting       | 2 |  2.7
Dodging        | |  1.3
Spellcasting   | |  1.0

Action                   |  1- 3 |  4- 6 || total
-------------------------+-------+-------++-------
Melee: Short sword       |    58 |       ||    58
       Unarmed           |     5 |       ||     5
       Kick              |    12 |     9 ||    21
       Spear             |    30 |    42 ||    72
 Fire: Shortbow          |    50 |    36 ||    86
       Hunting sling     |       |    56 ||    56
Throw: Stone             |     1 |       ||     1
       Dart              |       |     5 ||     5
 Cast: Corona            |    12 |    13 ||    25
       Slow              |       |     2 ||     2
  Use: Scroll            |     3 |     1 ||     4
       Potion            |       |     1 ||     1
  Eat: Chunk             |     3 |     4 ||     7
Armor: Robe              |    33 |    24 ||    57
Dodge: Dodged            |    54 |    34 ||    88
